 Dungeon Crawl Stone Soup version 0.23.2-33-g5129a83184 (webtiles) character file.

Game seed: 15084825895710370165

4768 Folque the Frost Mage (level 10, -2/68 HPs)
             Began as a Demonspawn Ice Elementalist on June 29, 2019.
             Was a Believer of Sif Muna.
             Hit by a javelin thrown by Urug (16 damage)
             ... on level 10 of the Dungeon.
             The game lasted 00:33:21 (9890 turns).

Folque the Frost Mage (Demonspawn Ice Elementalist) Turns: 9890, Time: 00:33:23

Health: -2/68      AC:  5    Str:  8      XL:     10   Next: 23%
Magic:  0/16       EV: 14    Int: 19      God:    Sif Muna [**....]
Gold:   650        SH:  0    Dex: 14 (15) Spells: 7/17 levels left

rFire    . . .     SeeInvis .   k - +0 dagger (venom)
rCold    . . .     Gourm    +   (no shield)
rNeg     . . .     Faith    .   a - +0 robe
rPois    .         Spirit   .   (helmet restricted)
rElec    .         Reflect  .   (no cloak)
rCorr    .         Harm     .   M - +2 pair of gloves
MR       .....                  (no boots)
Stlth    ++........             p - amulet of the gourmand
HPRegen  0.21/turn              (no ring)
MPRegen  0.15/turn              (no ring)

@: very slightly contaminated, no casting
A: antennae 1, demonic guardian 1, spiny 2
a: Stop Divine Energy, Renounce Religion


You were on level 10 of the Dungeon.
You worshipped Sif Muna.
Sif Muna was pleased with you.
You were full.

You visited 2 branches of the dungeon, and saw 11 of its levels.

You collected 650 gold pieces.

Inventory:

Hand Weapons
 b - a +0 dagger
 k - a +0 dagger of venom (weapon)
 n - a +2 short sword of protection
 G - a +0 scimitar
 I - a +0 hand crossbow
Missiles
 H - a throwing net (quivered)
 J - 16 bolts
Armour
 a - a +0 robe (worn)
 C - a +2 pair of gloves
 M - a +2 pair of gloves (worn)
Jewellery
 p - an amulet of the gourmand (around neck)
 A - an uncursed amulet of rage
 F - an uncursed ring of positive energy {unknown}
Wands
 y - a wand of polymorph (7)
 K - a wand of iceblast (3)
 L - a wand of acid (9)
Scrolls
 e - 4 scrolls of fog
 g - 5 scrolls of teleportation
 h - 4 scrolls of fear
 i - 11 scrolls of identify
 j - 5 scrolls of remove curse
 l - 2 scrolls of immolation {unknown}
 o - a scroll of enchant weapon {unknown}
 q - a scroll of noise {unknown}
 s - 5 scrolls of amnesia {unknown}
 t - 2 scrolls of blinking {unknown}
 x - 2 scrolls of enchant armour {unknown}
 E - 2 scrolls of summoning {unknown}
Potions
 d - a potion of flight {unknown}
 f - a potion of agility
 r - a potion of mutation {unknown}
 u - a potion of ambrosia {unknown}
 v - 4 potions of heal wounds {unknown}
 w - 2 potions of degeneration {unknown}
 z - 2 potions of cancellation {unknown}
 B - a potion of might {unknown}
 D - 2 potions of curing {unknown}
 N - a potion of invisibility {unknown}
Comestibles
 c - 11 rations


   Skills:
 - Level 2.3 Fighting
 - Level 3.1 Crossbows
 + Level 4.1 Dodging
 - Level 1.7 Stealth
 - Level 4.1 Spellcasting
 + Level 6.6 Conjurations
 - Level 7.5 Summonings
 * Level 8.2 Ice Magic


You had 7 spell levels left.
You knew the following spells:

 Your Spells              Type           Power        Failure   Level  Hunger
a - Freeze                Ice            ####         1%          1    None
b - Throw Frost           Conj/Ice       ####..       1%          2    ##.....
c - Ozocubu's Armour      Chrm/Ice       ###.....     8%          3    ###....
d - Summon Ice Beast      Ice/Summ       ####....     5%          4    ####...

Your spell library contained the following spells:

 Spells                   Type           Power        Failure   Level  Hunger
 Throw Icicle             Conj/Ice       ####....     6%          4    ####...
 Beastly Appendage        Tmut           #.....       14%         1    None
 Confusing Touch          Hex            #.....       14%         1    None
 Sticks to Snakes         Tmut           #.......     21%         2    ##.....
 Ice Form                 Ice/Tmut       ###.....     26%         4    ####...
 Confuse                  Hex            #.......     38%         3    ###....
 Gell's Gravitas          Tloc           #.........   38%         3    ###....
 Spider Form              Tmut/Pois      #.........   38%         3    ###....
 Metabolic Englaciation   Hex/Ice        ###.......   56%         5    ######.
 Petrify                  Tmut/Erth      #.......     80%         4    ####...
 Blade Hands              Tmut           #.........   98%         5    ######.
 Yara's Violent Unravell  Hex/Tmut       #.........   98%         5    ######.


Dungeon Overview and Level Annotations

Branches:
Dungeon (10/15)            Temple (1/1) D:5            Lair (0/6) D:9
    Orc: D:9-12

Altars:
Ashenzari
Cheibriados
Dithmenos
Elyvilon
Fedhas
Gozag
Hepliaklqana
Kikubaaqudgha
Makhleb
Nemelex Xobeh
Okawaru
Qazlal
Ru
Sif Muna
Trog
Uskayaw
Vehumet
Wu Jian
Xom
Yredelemnul
Zin
The Shining One

Shops:
D:5 *   D:6 *

Annotations:
D:8 3 runed translucent doors, dvd's ghost, novice OpFE
D:10 Urug


Innate Abilities, Weirdness & Mutations

You have a pair of small antennae on your head.
A weak demonic guardian rushes to your aid.
You are mostly covered in sharp spines.


Message History

Your ice beast hits the howler monkey.
Your ice beast freezes the howler monkey!
The howler monkey dies!
Sif Muna accepts your kill.
You hear a shout!
Your icy armour cracks and falls away as you move.
Your ice beast hits Urug but does no damage.
Your white imp hits Urug but does no damage.
Urug throws a javelin.
The javelin hits your white imp.
Your ice beast hits Urug.
Your ice beast freezes Urug.
Urug resists.
Your ice beast hits Urug but does no damage.
Your white imp hits Urug.
Your white imp freezes Urug.
Urug resists.
Casting: Ozocubu's Armour (safe; 8% risk of failure)
Confirm with . or Enter, or press ? or * to list all spells.
A chill wind blows around you. Sif Muna grants you divine energy.
You briefly lose access to your magic!
Urug throws a javelin.
The javelin barely misses your white imp.
The javelin hits you!
You die...

#
#####....†.###......
## #####........(##
#...).
.###............†.##
#...#
.##................##
####
.##.............Y.(.#
..#.............oY..#
#...............5..(#
#................Y..#
#.......[.......@..##
##...............(##
#...............##
#......<........##
#..............##
#............###
#.#.........##
#.##......###
###..###


You could see Urug, 3 friendly ice beasts and a friendly white imp.

Vanquished Creatures
  Grinder (D:6)
  2 yaks
  A wyvern (D:9)
  A warg (D:9)
  2 orc warriors (D:8)
  An ice beast (D:10)
  5 ogres
  2 necrophages
  A crocodile (D:9)
  2 big kobolds
  A bullfrog (D:6)
  2 scorpions (D:6)
  4 killer bees
  2 howler monkeys (D:10)
  A vampire bat (D:5)
  4 crimson imps
  A quasit (D:10)
  A bullfrog zombie (D:6)
  3 hounds (D:6)
  2 orc priests
  2 jellies
  2 orc wizards
  A centaur zombie (D:6)
  A centaur skeleton (D:9)
  8 worker ants
  A howler monkey zombie (D:9)
  A gnoll (D:2)
  14 adders
  An adder zombie (D:6)
  2 adder skeletons
  3 worms
  2 dart slugs (D:3)
  2 fire bats (D:5)
  6 leopard geckos
  10 orcs
  2 spectral bats (D:5)
  A bat skeleton (D:5)
  A bat zombie (D:5)
  4 giant cockroaches
  5 goblins
  9 hobgoblins
  9 jackals
  11 kobolds
  7 quokkas
  3 ball pythons
  22 bats
  A bat simulacrum (D:5)
  4 frilled lizards
  A leopard gecko zombie (D:5)
  7 rats
182 creatures vanquished.

Vanquished Creatures (collateral kills)
  A two-headed ogre (D:9)
  A hippogriff (D:9)
  4 yaks (D:9)
  A human (D:9)
  A warg (D:9)
  A water moccasin (D:9)
  An orc warrior (D:9)
  3 ice beasts
  A phantom (D:4)
  2 centaurs
  A bullfrog (D:9)
  2 scorpions (D:4)
  2 killer bees (D:9)
  A howler monkey (D:10)
  A bullfrog skeleton (D:9)
  A hound (D:5)
  An orc priest (D:8)
  2 orc wizards
  2 iguanas
  An adder (D:9)
  A shadow imp (D:9)
  A fire bat (D:5)
  6 orcs
  2 bat skeletons (D:5)
  A giant cockroach (D:2)
  A quokka (D:6)
42 creatures vanquished.

Vanquished Creatures (others)
  2 plants (D:9)
2 creatures vanquished.

Grand Total: 226 creatures vanquished

Notes
Turn   | Place    | Note
-------+----------+-------------------------------------------
     0 | D:1      | Folque the Demonspawn Ice Elementalist began the quest for
                  | the Orb.
     0 | D:1      | Reached XP level 1. HP: 13/13 MP: 3/3
   802 | D:1      | Gained mutation: A weak demonic guardian rushes to your
                  | aid. [demonic ancestry]
   802 | D:1      | Reached XP level 2. HP: 13/20 MP: 0/5
  1187 | D:1      | Learned a level 2 spell: Throw Frost
  1285 | D:2      | Reached skill level 1 in Fighting
  1285 | D:2      | Reached skill level 3 in Ice Magic
  1285 | D:2      | Gained mutation: You are partially covered in sharp spines.
                  | [demonic ancestry]
  1285 | D:2      | Reached XP level 3. HP: 14/26 MP: 0/7
  1720 | D:2      | Gained mutation: You are mostly covered in sharp spines.
                  | [demonic ancestry]
  1720 | D:2      | Reached XP level 4. HP: 11/32 MP: 0/8
  2076 | D:2      | Reached XP level 5. HP: 32/38 MP: 1/10
  2264 | D:3      | Learned a level 3 spell: Ozocubu's Armour
  2269 | D:3      | Learned a level 4 spell: Summon Ice Beast
  2401 | D:3      | Found a shimmering altar of Xom.
  2686 | D:3      | Reached skill level 1 in Summonings
  3100 | D:4      | Noticed a phantom
  3138 | D:4      | Killed a phantom
  3138 | D:4      | Reached XP level 6. HP: 24/45 MP: 0/12
  3158 | D:4      | Found a glowing silver altar of Zin.
  3574 | D:4      | Found a burning altar of Makhleb.
  3622 | D:4      | Found an opulent altar of Gozag.
  3642 | D:4      | Reached skill level 4 in Ice Magic
  3718 | D:5      | Entered Level 5 of the Dungeon
  3722 | D:5      | Noticed an ice beast
  3754 | D:5      | Killed an ice beast
  3858 | D:5      | Found Sobeu's Superlative Supplies.
  3869 | D:5      | Reached XP level 7. HP: 51/51 MP: 7/13
  4250 | D:5      | Found a staircase to the Ecumenical Temple.
  4284 | Temple   | Entered the Ecumenical Temple
  4863 | D:6      | Reached skill level 5 in Summonings
  4892 | D:6      | You fall through a shaft for 3 floors!
  4952 | D:9      | Found a radiant altar of Vehumet.
  4997 | D:9      | Noticed a human
  5032 | D:9      | Killed a human
  5032 | D:9      | Reached skill level 5 in Ice Magic
  5032 | D:9      | Gained mutation: You have a pair of small antennae on your
                  | head. [demonic ancestry]
  5032 | D:9      | Reached XP level 8. HP: 57/57 MP: 6/14
  5080 | D:8      | Found a stormy altar of Qazlal.
  5497 | D:8      | Found a hazy altar of Hepliaklqana.
  5556 | D:8      | Found a glowing golden altar of the Shining One.
  5556 | D:8      | Found a white marble altar of Elyvilon.
  5557 | D:8      | Found a shadowy altar of Dithmenos.
  5611 | D:8      | Found a runed translucent gate.
  5614 | D:8      | Found a runed translucent gate.
  5614 | D:8      | Found a runed translucent gate.
  5615 | D:8      | Noticed dvd's ghost (novice OpFE)
  5617 | D:8      | Noticed a death knight
  5978 | D:9      | Found a staircase to the Lair.
  6449 | D:7      | Found a deep blue altar of Sif Muna.
  6453 | D:7      | Became a worshipper of Sif Muna the Loreminder
  6890 | D:6      | Found Yrgheyr's Assorted Antiques.
  6996 | D:6      | Reached * piety under Sif Muna
  7203 | D:6      | Reached skill level 6 in Ice Magic
  7203 | D:6      | Reached XP level 9. HP: 22/62 MP: 0/15
  7218 | D:6      | Noticed Grinder
  7265 | D:6      | Killed Grinder
  7265 | D:6      | Reached skill level 5 in Conjurations
  7838 | D:8      | Reached skill level 1 in Crossbows
  7982 | D:9      | Noticed a two-headed ogre
  7998 | D:9      | Killed a two-headed ogre
  7998 | D:9      | Reached skill level 7 in Ice Magic
  8330 | D:9      | Reached ** piety under Sif Muna
  8388 | D:9      | Found a shattered altar of Ashenzari.
  8588 | D:9      | Reached XP level 10. HP: 12/68 MP: 2/16
  8628 | D:9      | HP: 1/68 [orc warrior/+0 scimitar (18)]
  9015 | D:9      | HP: 3/68 [quokka (1)]
  9287 | D:9      | Reached skill level 8 in Ice Magic
  9633 | D:10     | Entered Level 10 of the Dungeon
  9792 | D:10     | Noticed Urug
  9890 | D:10     | Hit by a javelin thrown by Urug

Skill      XL: |  1  2  3  4  5  6  7  8  9 10 |
---------------+-------------------------------+-----
Fighting       | 1 2 |  2.3
Ice Magic      | 3 4 5 6 7 8 |  8.2
Spellcasting   | 3 4 |  4.1
Summonings     | 2 3 5 7 |  7.5
Conjurations   | 2 3 4 6 |  6.6
Dodging        | 3 4 |  4.1
Crossbows      | 3 |  3.1
Stealth        | |  1.7

Action                   |  1- 3 |  4- 6 |  7- 9 | 10-12 || total
-------------------------+-------+-------+-------+-------++-------
Melee: Dagger            |   105 |    59 |   102 |    31 ||   297
       Unarmed           |     5 |       |       |       ||     5
 Fire: Hand crossbow     |       |       |    25 |     8 ||    33
 Cast: Freeze            |    22 |    10 |    36 |    13 ||    81
       Throw Frost       |     3 |    41 |    72 |    28 ||   144
       Summon Ice Beast  |       |     2 |    24 |     9 ||    35
       Ozocubu's Armour  |       |     1 |     6 |     3 ||    10
Invok: Divine Energy     |       |       |     1 |       ||     1
  Use: Scroll            |       |       |     5 |     1 ||     6
       Potion            |       |       |       |     3 ||     3
 Stab: Sleeping          |     1 |     5 |     3 |       ||     9
       Distracted        |       |       |     2 |     1 ||     3
  Eat: Chunk             |     3 |     8 |    32 |     4 ||    47
Armor: Robe              |    40 |     5 |    23 |    14 ||    82
Dodge: Dodged            |   101 |    28 |   100 |    30 ||   259
